 Dungeon Sprint DCSS version 0.23-a0-136-g722f094 (webtiles) character file.

162 Kidiri the Thaumaturge (level 5, -8/28 HPs)
             Began as a Deep Elf Fire Elementalist on Aug 28, 2018.
             Was an Initiate of Vehumet.
             Killed from afar by a deep elf mage (36 damage)
             ... with a shard of ice
             ... in the Dungeon (Sprint III: "The Ten Rune Challenge").
             The game lasted 00:02:16 (444 turns).

Kidiri the Thaumaturge (Deep Elf Fire Elementalist)  Turns: 444, Time: 00:02:17

Health: -8/28      AC:  7    Str:  7    XL:     5   Next: 19%
Magic:  12/19      EV: 13    Int: 21    God:    Vehumet [......]
Gold:   37         SH:  0    Dex: 15    Spells: 6/24 levels left

rFire    . . .     SeeInvis .   j - +0 dagger
rCold    . . .     Gourm    .   (no shield)
rNeg     . . .     Faith    .   a - +0 robe
rPois    .         Spirit   .   (no helmet)
rElec    .         Reflect  .   k - +2 cloak
rCorr    .         Harm     .   (no gloves)
MR       +....     NoTele   +   (no boots)
Stlth    ++........             (no amulet)
HPRegen  0.09/turn              (no ring)
MPRegen  0.16/turn              (no ring)

@: no status effects
A: thin metallic scales 1, magic resistance 1, strong 1
a: Renounce Religion


You were in the Dungeon.
You worshipped Vehumet.
Vehumet was noncommittal.
You were not hungry.

You visited 1 branch You collected 37 gold pieces.

Inventory:

Hand Weapons
 j - a +0 dagger (weapon)
Armour
 a - a +0 robe (worn)
 k - a +2 cloak (worn)
Scrolls
 i - a scroll of blinking
 m - a scroll of immolation {unknown}
 n - 3 scrolls of identify
 o - 4 scrolls of remove curse
 r - a scroll of holy word {unknown}
Potions
 d - a potion of curing
 e - a potion of heal wounds
 f - a potion of haste
 g - 2 potions of magic
 h - a potion of berserk rage
 p - a potion of lignification {unknown}
 q - 2 potions of flight {unknown}
Comestibles
 b - 4 chunks of flesh
 c - 3 rations


   Skills:
 - Level 2.4 Dodging
 - Level 2.4 Stealth
 * Level 10.1 Spellcasting
 + Level 5.7 Conjurations
 + Level 6.6 Fire Magic


You had 6 spell levels left.
You knew the following spells:

 Your Spells              Type           Power        Failure   Level  Hunger
a - Flame Tongue          Conj/Fire      #####        1%          1    None
b - Throw Flame           Conj/Fire      #####.       1%          2    None
c - Conjure Flame         Conj/Fire      #####...     1%          3    None
d - Inner Flame           Hex/Fire       ###.....     4%          3    None
e - Sticky Flame          Conj/Fire      #####...     4%          4    ##.....
f - Fireball              Conj/Fire      #####.....   14%         5    ####...

Your spell library contained the following spells:

 Spells                   Type           Power        Failure   Level  Hunger
 Confusing Touch          Hex            ##....       6%          1    None
 Confuse                  Hex            ##......     19%         3    None
 Gell's Gravitas          Tloc           ##........   19%         3    None
 Petrify                  Tmut/Erth      ##......     54%         4    ##.....
 Metabolic Englaciation   Hex/Ice        ##........   87%         5    ####...
 Yara's Violent Unravell  Hex/Tmut       ##........   87%         5    ####...


Dungeon Overview and Level Annotations

Branches:
Dungeon (1/1)

Altars:
Elyvilon
Kikubaaqudgha
Sif Muna
Vehumet
Zin
The Shining One


Innate Abilities, Weirdness & Mutations

You are partially covered in thin metallic scales. (AC +2)
You are resistant to hostile enchantments. (MR+)
Your muscles are strong. (Str +2)


Message History

Aiming: Flame Tongue (safe; 1% risk of failure)
Press: ? - help, Shift-Dir - straight line, f/p - deep elf mage
Aim: a deep elf mage, wielding a long sword of holy wrath (covered in liquid The flame tongue hits the deep elf mage.
The deep elf mage is lightly wounded.
The deep elf mage burns!
The deep elf mage gestures wildly while chanting.
The deep elf mage blinks!
Casting: Flame Tongue (safe; 1% risk of failure)
Confirm with . or Enter, or press ? or * to list all spells.
Aiming: Flame Tongue (safe; 1% risk of failure)
Press: ? - help, Shift-Dir - straight line, f/p - deep elf mage
Aim: a deep elf mage, wielding a long sword of holy wrath (moderately wounded, The flame tongue hits the deep elf mage.
The deep elf mage is moderately wounded.
The deep elf mage burns!
The deep elf mage casts a spell at you. The shard of ice hits you!
Ouch! That really hurt!
You die...

▓▓▓▓▓▓▓ ▓▓▓ .+....♣♣♣
♣.##### .#....♣.♣
♣.#___# ##.....♣♣
♣.#...#
.#....≈.♣♣♣♣.###@#+###+#
.#...≈≈♣♣.♣♣.#....e.....
(#..≈≈≈≈♣....'.⌠........
'#..≈≈≈≈≈≈♣..#...######+
.#.≈≈≈≈≈≈....#.⌠.#
.#.≈≈≈≈≈.....#...#
.#.≈≈≈.......#+###
##...........#.).#
.............#___#


You could see a deep elf mage (burning).

Vanquished Creatures
  A water elemental (D)
  Crazy Yiuf (D)
  A wizard (D)
  A human (D)
  A kobold demonologist (D)
  An ooze (D)
  3 rats (D)
9 creatures vanquished.

Vanquished Creatures (others)
  2 draconian scorchers (D)
  6 hellions (D)
  A yaktaur (D)
  A plant (D)
10 creatures vanquished.

Grand Total: 19 creatures vanquished

Notes
Turn   | Place    | Note
-------+----------+-------------------------------------------
     0 | D        | Kidiri the Deep Elf Fire Elementalist began the quest for
                  | the Orb.
     0 | D        | Reached XP level 1. HP: 10/10 MP: 6/6
     6 | D        | Reached skill level 4 in Spellcasting
    64 | D        | Killed a yaktaur
   108 | D        | Noticed Crazy Yiuf
   119 | D        | Killed a hellion
   120 | D        | Killed a hellion
   121 | D        | Killed a hellion
   123 | D        | Killed Crazy Yiuf
   123 | D        | Reached skill level 6 in Spellcasting
   123 | D        | Reached XP level 2. HP: 15/15 MP: 4/11
   123 | D        | Reached XP level 3. HP: 19/19 MP: 4/13
   124 | D        | Killed a hellion
   124 | D        | Killed a hellion
   126 | D        | Killed a hellion
   127 | D        | Learned a level 2 spell: Throw Flame
   131 | D        | Learned a level 3 spell: Conjure Flame
   135 | D        | Learned a level 3 spell: Inner Flame
   187 | D        | Killed a white draconian scorcher
   199 | D        | Reached skill level 7 in Spellcasting
   199 | D        | Reached skill level 5 in Fire Magic
   212 | D        | Killed a white draconian scorcher
   262 | D        | Gained mutation: You are partially covered in iridescent
                  | scales. (AC +2) [potion of mutation]
   262 | D        | Gained mutation: Potions are less effective at restoring
                  | your health. [potion of mutation]
   262 | D        | Gained mutation: You have a pair of small horns on your
                  | head. [potion of mutation]
   262 | D        | Gained mutation: You are partially covered in thin metallic
                  | scales. (AC +2) [potion of mutation]
   263 | D        | Lost mutation: You are partially covered in iridescent
                  | scales. (AC +2) [potion of mutation]
   263 | D        | Lost mutation: You are partially covered in thin metallic
                  | scales. (AC +2) [potion of mutation]
   263 | D        | Lost mutation: You have a pair of small horns on your head.
                  | [potion of mutation]
   263 | D        | Gained mutation: Your body sometimes deteriorates upon
                  | taking damage. [potion of mutation]
   263 | D        | Gained mutation: You are agile. (Dex +2) [potion of
                  | mutation]
   263 | D        | Gained mutation: You are robust. (+10% HP) [potion of
                  | mutation]
   264 | D        | Lost mutation: Your body sometimes deteriorates upon taking
                  | damage. [potion of mutation]
   264 | D        | Lost mutation: You are agile. (Dex +2) [potion of mutation]
   264 | D        | Lost mutation: You are robust. (+10% HP) [potion of
                  | mutation]
   264 | D        | Gained mutation: You are partially covered in thin metallic
                  | scales. (AC +2) [potion of mutation]
   264 | D        | Gained mutation: You are weak. (Str -2) [potion of
                  | mutation]
   264 | D        | Gained mutation: You have large cloven feet. [potion of
                  | mutation]
   265 | D        | Lost mutation: Potions are less effective at restoring your
                  | health. [potion of mutation]
   265 | D        | Lost mutation: You have large cloven feet. [potion of
                  | mutation]
   265 | D        | Lost mutation: You are weak. (Str -2) [potion of mutation]
   265 | D        | Gained mutation: You are resistant to hostile enchantments.
                  | (MR+) [potion of mutation]
   265 | D        | Gained mutation: Your muscles are strong. (Str +2) [potion
                  | of mutation]
   293 | D        | Noticed a water elemental
   296 | D        | Killed a water elemental
   296 | D        | Reached skill level 9 in Spellcasting
   296 | D        | Reached skill level 5 in Conjurations
   296 | D        | Reached XP level 4. HP: 24/24 MP: 4/17
   310 | D        | Learned a level 4 spell: Sticky Flame
   379 | D        | Found a radiant altar of Vehumet.
   380 | D        | Found a deep blue altar of Sif Muna.
   380 | D        | Found an ancient bone altar of Kikubaaqudgha.
   380 | D        | Noticed a wizard
   383 | D        | Killed a wizard
   383 | D        | Reached skill level 10 in Spellcasting
   383 | D        | Reached XP level 5. HP: 28/28 MP: 10/19
   418 | D        | Became a worshipper of Vehumet
   425 | D        | Learned a level 5 spell: Fireball
   439 | D        | Found a glowing silver altar of Zin.
   439 | D        | Found a glowing golden altar of the Shining One.
   439 | D        | Found a white marble altar of Elyvilon.
   440 | D        | Noticed a deep elf mage
   444 | D        | Killed from afar by a deep elf mage

Vault maps used:
D:        dungeon_sprint_mu

Skill      XL: |  1  2  3  4 |
---------------+-------------+-----
Spellcasting   | 6 9 10 | 10.1
Conjurations   | 3 5 |  5.7
Fire Magic     | 4 6 |  6.6
Dodging        | |  2.4
Stealth        | |  2.4

Action                   |  1- 3 |  4- 6 || total
-------------------------+-------+-------++-------
 Cast: Flame Tongue      |    16 |     3 ||    19
       Throw Flame       |     3 |       ||     3
       Conjure Flame     |     1 |       ||     1
       Sticky Flame      |       |     2 ||     2
       Inner Flame       |       |     1 ||     1
  Use: Potion            |     4 |       ||     4
Armor: Robe              |       |     3 ||     3
Dodge: Dodged            |       |     1 ||     1

Table legend:
 A = Non-vault XP
 B = Vault XP
 C = Vault XP percentage of total XP
 D = Non-vault monster count
 E = Vault monster count
 F = Vault count percentage of total count
                 A         B        C        D         E       F
            +---------+---------+-------+---------+---------+-------
      Total |       0 |     232 | 100.0 |       0 |       9 | 100.0
            +---------+---------+-------+---------+---------+-------
          D |       0 |     232 | 100.0 |       0 |       9 | 100.0
            +---------+---------+-------+---------+---------+-------
